 Dungeon Crawl Stone Soup version 0.28-a0-172-g787e458d71 (webtiles) character file.

Game seed: 6738042456351761259

101 riscky the Chopper (level 4, -8/40 HPs)
             Began as a Draconian Berserker on Aug 17, 2021.
             Was a Believer of Trog.
             Mangled by an ogre (14 damage)
             ... on level 4 of the Dungeon.
             The game lasted 00:24:06 (2776 turns).

riscky the Chopper (Draconian Berserker)            Turns: 2776, Time: 00:24:07

Health: -8/40      AC:  5    Str: 20    XL:     4   Next: 48%
Magic:  4/4        EV: 12    Int:  7    God:    Trog [**....]
Gold:   123        SH:  0    Dex: 11    Spells: 3/3 levels left

rFire   . . .      SeeInvis .   a - +0 hand axe (elec)
rCold   . . .      Faith    .   (no shield)
rNeg    . . .      Spirit   .   (armour unavailable)
rPois   .          Reflect  .   (helmet restricted)
rElec   .          Harm     .   (no cloak)
rCorr   .          Rampage  .   (no gloves)
Will    .....                   (no boots)
Stlth   +.........              (no amulet)
HPRegen 0.13/turn               (no ring)
MPRegen 0.09/turn               (no ring)

@: about to teleport
A: AC +5, unfitting armour, cold-blooded
a: Renounce Religion, Berserk, Trog's Hand


You were on level 4 of the Dungeon.
You worshipped Trog.
Trog was pleased with you.
You visited 1 branch of the dungeon, and saw 4 of its levels.

You collected 123 gold pieces.

Inventory:

Hand Weapons
 a - a +0 hand axe of electrocution (weapon)
 b - a +0 club
 c - a +0 dagger
 d - a +2 dagger of holy wrath
 e - a +0 club
 k - a +0 dagger
 m - a +0 hunting sling
 n - a +0 falchion
 p - a +0 short sword
 r - a +0 dagger
 u - a +0 club
 v - a +0 whip
 w - a +0 club
 y - a +0 hand axe
 B - a +0 dagger
 C - a +0 dagger
 E - a +0 short sword
 G - a +0 spear
Missiles
 l - 66 stones (quivered)
 D - 5 arrows
Armour
 h - a +0 robe
 q - a +0 ring mail
 s - a +0 leather armour
 x - a +0 leather armour
 z - a +0 chain mail
 A - a +0 leather armour
 I - a +0 ring mail
Magical Staves
 i - a staff of fire
Jewellery
 t - an amulet of the acrobat
Wands
 o - a wand of iceblast (10)
 H - a wand of acid (6)
Scrolls
 j - a scroll of teleportation
Potions
 f - 2 potions of degeneration
 F - a potion of haste {unknown}


   Skills:
 + Level 3.8 Fighting
 + Level 4.2 Axes
 + Level 3.5 Dodging
 + Level 0.1 Stealth


You had 3 spell levels left.
You didn't know any spells.
Your spell library was empty.

Dungeon Overview and Level Annotations

Branches:
Dungeon (4/15)
 Temple: D:4-7

Altars:

Shops:
D:2 *


Innate Abilities, Weirdness & Mutations

Your plain brown scales are hard. (AC +5)
You cannot fit into any form of body armour.
You are cold-blooded and may be slowed by cold attacks.


Message History

The hobgoblin shouts!
The ogre hits you with a +0 giant spiked club!
The giant cockroach bites you but does no damage.
You hit the ogre. You tail-slap the ogre.
The ogre is lightly wounded.
You hit the giant cockroach but do no damage.
The giant cockroach bites you but does no damage.
The ogre barely misses you.
You hit the giant cockroach.
Your tail-slap misses the giant cockroach.
The giant cockroach is almost dead.
You hit the goblin. You hit the ogre. The giant cockroach barely misses you.
The goblin barely misses you.
You slash the ogre!
The ogre is heavily wounded.
You hit the giant cockroach but do no damage.
You completely miss the goblin. The giant cockroach barely misses you.
The ogre hits you with a +0 giant spiked club!
The goblin hits you but does no damage.
The giant cockroach bites you but does no damage.
You hit the ogre.
The ogre is heavily wounded.
You barely miss the goblin. You barely miss the giant cockroach.
The ogre hits you with a +0 giant spiked club!
* * * LOW HITPOINT WARNING * * *
The goblin closely misses you. The giant cockroach barely misses you.
As you read the scroll labelled RORAFI PISUES, it crumbles to dust.
It is a scroll of brand weapon.
Your +0 hand axe crackles with electricity.
a - a +0 hand axe of electrocution (weapon)
The goblin hits you but does no damage.
The giant cockroach bites you but does no damage.
The ogre closely misses you. The giant cockroach closely misses you.
As you read the scroll labelled UKEUMITOAN, it crumbles to dust.
You feel strangely unstable.
It was a scroll of teleportation.
The giant cockroach barely misses you. The goblin hits you but does no damage.
The hobgoblin hits you but does no damage.
The ogre hits you with a +0 giant spiked club!
You die...

.. .......
#.#.## .......
.[....###.......
#............#
.........#...#
#....#....#.##
#...........
######..@g.##.#.
....^.)OgB......
########<...#..#
#.............
...###...#..#.#
..........
##.##....[. #.
...... .. ......


You could see an ogre, a giant cockroach, a hobgoblin and a goblin.

Vanquished Creatures
  2 adders (D:3)
  A worm (D:3)
  5 dart slugs
  4 orcs (D:3)
  7 ball pythons
  3 endoplasms
  8 goblins
  6 hobgoblins
  6 jackals
  2 quokkas
  7 bats
  4 frilled lizards
  A kobold (D:3)
  4 rats
60 creatures vanquished.

Notes
Turn   | Place    | Note
-------+----------+-------------------------------------------
     0 | D:1      | riscky the Draconian Berserker began the quest for the Orb.
     0 | D:1      | Reached XP level 1. HP: 19/19 MP: 1/1
   102 | D:1      | Reached XP level 2. HP: 23/26 MP: 2/2
   303 | D:1      | Found a faded altar of an unknown god.
   533 | D:2      | Reached XP level 3. HP: 25/33 MP: 3/3
  1157 | D:2      | Found Paruda's General Store.
  1570 | D:2      | Reached ** piety under Trog
  2087 | D:3      | Reached XP level 4. HP: 32/40 MP: 4/4
  2152 | D:3      | Reached skill level 4 in Axes
  2764 | D:4      | Noticed an ogre
  2776 | D:4      | Mangled by an ogre

Illustrated notes

Levels and vault maps discovered:
D:1:      saegor_arrival_simple_c, layout_rooms,
          shapermc_ecumenical_altar_mp_highgroup, hex_intersection,
          minmay_tetromino_t2
D:2:      layout_loops_corners, serial_shops, nicolae_shop_window_shopping
D:3:      layout_basic, minmay_misc_feat_cross, st_stairs_1, hex_intersection,
          bh_walls_and_bars
D:4:      layout_rooms

Skill      XL: |  1  2  3  4 |
---------------+-------------+-----
Dodging        | 3 |  3.5
Axes           | 4 |  4.2
Fighting       | |  3.8
Stealth        | |  0.1

Action                   |  1- 3 |  4- 6 || total
-------------------------+-------+-------++-------
Melee: Hand axe          |   133 |    40 ||   173
       Tailslap          |    17 |     6 ||    23
  Use: Scroll            |     3 |     2 ||     5
Armor: Skin              |    85 |    19 ||   104
Dodge: Dodged            |   155 |    33 ||   188

Table legend: (Time is in decaauts)
 A = Elapsed time spent in this place.
 B = Non-inter-level travel time spent in this place.
 C = Inter-level travel time spent in this place.
 D = Time resting spent in this place.
 E = Time spent auto-exploring this place.
 F = Levels seen in this place.
 G = Mean time per level.
                   A        B        C        D        E       F      G
               +--------+--------+--------+--------+--------+-----+--------+
         Total |   2798 |   2778 |     20 |    379 |     56 |   4 |  699.5 |
       Dungeon |   2798 |   2778 |     20 |    379 |     56 |   4 |  699.5 |
               +--------+--------+--------+--------+--------+-----+--------+

Top non-repeatable levels by time:
     D:2: 1242 daAuts
     D:3: 1011 daAuts
     D:1: 531 daAuts
     D:4: 12 daAuts
